Map: Dreamcatcher LE

Players

SpeCial - Winner!

  • Race: Terran Terran
  • Spawn Location: 5:00

ShoWTimE

  • Race: Protoss Protoss
  • Spawn Location: 11:00

Event: WCS Montreal 2018

VOD

Have the link to the VOD?

Description

Time

  • Played on: Sept. 7, 2018, 6:27 p.m.
  • Length: 10:02

All games in this series

Show
View Real Time Build Order
Export as new Build Order

SpeCial Terran - Winner!

Build Orders: 1/1/1, MMM Bio 

Get SALT Encoding   

  12  0:00  SCV  
  13  0:12  SCV  
  14  0:17  Supply Depot  
  14  0:24  SCV  
  15  0:39  SCV  
  15  0:40  Barracks  
  16  0:45  Refinery  
  16  0:51  SCV  
  16  0:56  Refinery  
  17  1:03  SCV  
  18  1:15  SCV  
  19  1:27  Marine, Orbital Command  
  19  1:31  Supply Depot  
  20  1:42  Factory  
  20  1:53  SCV  
  21  2:06  SCV  
  22  2:09  Supply Depot  
  22  2:17  Barracks Reactor  
  22  2:18  SCV  
  23  2:26  Widow Mine  
  23  2:27  Starport  
  25  2:30  SCV  
  26  2:43  SCV  
  27  2:47  Command Center  
  27  2:50  Widow Mine  
  29  2:56  Marine x2  
  31  2:58  SCV  
  31  3:05  Medivac  
  34  3:11  Supply Depot  
  34  3:16  Widow Mine  
  34  3:17  SCV  
  37  3:21  Marine  
  37  3:22  Marine  
  39  3:32  SCV  
  40  3:36  Supply Depot  
  40  3:40  Marine x2  
  42  3:42  Starport Tech Lab  
  42  3:44  SCV  
  42  3:56  SCV  
  46  4:04  Marine x2  
  48  4:10  Orbital Command  
  48  4:14  SCV  
  49  4:18  Liberator  
  49  4:22  Marine x2  
  51  4:29  SCV  
  52  4:31  Factory Tech Lab  
  52  4:40  Marine x2  
  52  4:42  Orbital Command  
  54  4:47  SCV, Barracks  
  54  4:49  Barracks  
  55  4:54  Siege Tank  
  55  4:59  SCV  
  57  5:03  Marine x2  
  53  5:08  SCV  
  53  5:11  SCV  
  55  5:18  Supply Depot  
  58  5:21  Marine  
  58  5:23  SCV  
  58  5:25  SCV  
  58  5:26  Siege Tank  
  64  5:35  SCV  
  65  5:37  SCV  
  62  5:47  SCV, Marine x2  
  62  5:49  SCV  
  66  5:50  Barracks Tech Lab  
  66  5:59  SCV  
  66  6:01  SCV  
  67  6:09  Factory Reactor  
  65  6:11  SCV, Marine  
  65  6:12  Marine  
  65  6:13  SCV  
  65  6:16  Marine  
  65  6:17  Stimpack, Combat Shields, Marine  
  71  6:22  Engineering Bay  
  71  6:23  SCV  
  72  6:26  SCV  
  72  6:28  Refinery  
  72  6:29  Marine x2, Supply Depot  
  75  6:34  Marine, Supply Depot  
  75  6:35  SCV  
  75  6:38  SCV  
  78  6:50  SCV, Marine x3  
  78  6:53  Terran Infantry Weapons Level 1  
  79  6:56  Refinery  
  79  6:57  Marine  
  79  6:58  Supply Depot  
  79  6:59  Factory Reactor  
  79  7:02  Medivac x2  
  79  7:04  SCV  
  79  7:07  Supply Depot  
  79  7:08  Marine  
  85  7:14  Barracks  
  85  7:16  Barracks  
  85  7:19  Marine  
  85  7:20  Marine x2  
  87  7:24  SCV x2  
  87  7:26  Marine  
  90  7:32  Medivac x2, Supply Depot  
  90  7:33  Missile Turret  
  94  7:37  Marine  
  94  7:43  Marauder, Marine  
  94  7:44  Marauder, Widow Mine x2  
  102  7:49  Liberator  
  102  7:55  Marine  
  102  7:57  Supply Depot  
  103  7:58  Liberator  
  103  8:01  Marine  
  103  8:04  Marine  
  103  8:05  Marauder  
  107  8:07  Widow Mine  
  107  8:11  Widow Mine  
  114  8:13  Marine  
  114  8:18  Concussive Shells  
  114  8:19  Marine x3  
  121  8:23  Supply Depot  
  121  8:24  Marine  
  121  8:26  Marine  
  73  8:34  Liberator  
  123  8:35  Widow Mine  
  123  8:39  Marine, Supply Depot  
  126  8:45  Marauder, Widow Mine  
  130  8:50  Supply Depot  
  130  8:52  Marine  
  134  8:59  Marauder  
  133  9:05  Widow Mine  
  133  9:06  Marauder, Widow Mine  
  133  9:08  Marine  
  136  9:20  Marauder  
  116  9:26  Widow Mine  
  116  9:27  Marauder, Widow Mine  
  116  9:29  Marine x2  
Show
View Real Time Build Order
Export as new Build Order

ShoWTimE Protoss 

Build Orders: Oracle Opening, Phoenix Opening 

Get SALT Encoding   

  12  0:00  Probe  
  13  0:12  Probe  
  14  0:17  Pylon  
  14  0:23  Probe  
  15  0:32  Probe  
  15  0:38  Gateway  
  15  0:40  Probe  
  16  0:46  Assimilator  
  17  0:51  Probe  
  18  1:03  Probe  
  19  1:10  Assimilator  
  19  1:12  Pylon  
  19  1:15  Probe  
  20  1:25  Cybernetics Core  
  20  1:27  Probe  
  21  1:39  Probe  
  24  1:51  Probe  
  24  1:52  Adept  
  23  2:06  Stargate  
  23  2:08  Probe  
  26  2:09  Warp Gate  
  26  2:32  Nexus  
  26  2:35  Probe  
  27  2:39  Pylon, Oracle  
  29  2:59  Probe  
  29  3:01  Gateway  
  30  3:10  Gateway, Oracle  
  30  3:24  Probe  
  34  3:36  Probe  
  34  3:39  Phoenix  
  35  3:44  Probe  
  38  3:49  Probe  
  39  3:56  Probe  
  39  4:01  Probe  
  39  4:02  Phoenix  
  41  4:08  Probe  
  44  4:13  Probe  
  44  4:16  Stalker x2  
  49  4:20  Pylon, Probe  
  50  4:28  Probe  
  51  4:32  Shield Battery  
  51  4:33  Probe  
  51  4:34  Shield Battery  
  51  4:37  Stalker  
  54  4:40  Probe  
  54  4:44  Adept  
  58  4:45  Probe  
  58  4:52  Probe  
  59  4:57  Probe  
  56  5:04  Probe  
  56  5:05  Probe  
  56  5:09  Forge  
  56  5:10  Twilight Council  
  57  5:15  Sentry  
  57  5:16  Probe  
  57  5:17  Sentry  
  57  5:19  Charge  
  62  5:22  Pylon  
  62  5:25  Protoss Ground Armor Level 1  
  62  5:36  Pylon  
  62  5:40  Probe x2  
  64  5:48  Nexus  
  64  5:54  Probe x2  
  64  5:55  Pylon  
  66  6:01  Zealot x2  
  70  6:04  Zealot  
  70  6:09  Pylon  
  72  6:22  Zealot x2  
  76  6:26  Zealot  
  76  6:28  Gateway  
  78  6:38  Gateway  
  78  6:39  Blink  
  78  6:40  Gateway  
  78  6:42  Zealot x2  
  78  6:46  Zealot  
  84  6:49  Probe  
  84  6:50  Probe  
  84  6:52  Assimilator  
  85  6:54  Assimilator  
  85  7:00  Templar Archives  
  85  7:01  Probe  
  85  7:02  Probe  
  85  7:03  Probe  
  85  7:04  Protoss Ground Armor Level 2  
  88  7:13  Probe  
  88  7:14  Probe  
  88  7:15  Probe  
  91  7:22  Psionic Storm  
  89  7:26  Probe x2  
  89  7:27  Probe  
  92  7:34  Gateway  
  92  7:37  Gateway  
  92  7:38  Probe x2  
  92  7:39  Probe  
  95  7:49  High Templar  
  95  7:50  Probe x2  
  99  7:51  Probe  
  99  7:54  Assimilator  
  99  7:56  Pylon  
  100  8:02  Pylon, Probe x2  
  100  8:03  Probe  
  100  8:05  High Templar  
  105  8:11  Pylon  
  105  8:14  Probe  
  105  8:15  Zealot x4  
  114  8:21  Shield Battery  
  114  8:22  High Templar  
  114  8:23  Pylon  
  116  8:29  Pylon  
  116  8:30  Pylon  
  116  8:31  Pylon, Zealot x2  
  120  8:37  High Templar  
  120  8:40  Probe  
  123  8:43  Pylon  
  123  8:44  Pylon, Zealot x2  
  127  8:50  Zealot x2  
  131  9:01  High Templar x2  
  131  9:02  Zealot  
  129  9:07  Zealot x2  
  133  9:14  Zealot x3  
  127  9:29  Stalker x3  
  133  9:34  Stalker x2  
  133  9:35  Stalker x3  
  104  9:52  Zealot x3  
  82  9:53  Archon  
  82  9:58  Stalker x5  
Tags
 
Add a new tag
Caveats
  • Supply blocks, unpowered buildings, or Contaminate may cause inaccurate times.
  • Supply counts are checked every 10 seconds.